 Dungeon Crawl Stone Soup version 0.30-a0-614-ge5ea1257c2 (webtiles) character file.

Game seed: 702026898821636037

968 Oxelix the Firebug (level 7, -2/36 HPs)
             Began as a Deep Elf Fire Elementalist on Jan 9, 2023.
             Was a Follower of Vehumet.
             Slain by a scorpion (6 damage)
             ... on level 5 of the Dungeon.
             The game lasted 00:14:58 (5095 turns).

Oxelix the Firebug (Deep Elf Fire Elementalist)     Turns: 5095, Time: 00:14:58

Health: -2/36      AC:  4    Str:  5    XL:     7   Next: 93%
Magic:  13/18      EV: 13    Int: 22    God:    Vehumet [*.....]
Gold:   217        SH:  0    Dex: 17    Spells: 10/19 levels left

rFire   . . .      SeeInvis .    h - +0 dagger
rCold   + . .      Faith    .    (no shield)
rNeg    . . .      Spirit   .    a - +0 robe
rPois   .          Reflect  .    (no helmet)
rElec   .          Harm     +    y - +0 cloak "Mial" {Harm +Blink rC+ Will+ Dex+2}
rCorr   .          Rampage  .    o - +0 pair of gloves
Will    +....                    (no boots)
Stlth   ++                       (no amulet)
HPRegen 0.26/turn                (no ring)
MPRegen 0.16/turn                (no ring)

@: lethally poisoned (-2 -> -9)
A: no striking features
a: Renounce Religion, Evoke Blink


You were on level 5 of the Dungeon.
You worshipped Vehumet.
Vehumet was aware of your devotion.
You visited 1 branch of the dungeon, and saw 5 of its levels.

You collected 272 gold pieces.
You spent 55 gold pieces at shops.

Inventory:

Hand Weapons
 h - a +0 dagger (weapon)
Missiles
 m - 6 poisoned darts (quivered)
 p - 3 javelins
Armour
 a - a +0 robe (worn)
 o - a +0 pair of gloves (worn)
 y - the +0 cloak "Mial" (worn) {Harm +Blink rC+ Will+ Dex+2}
   (You found it on level 4 of the Dungeon)

   Dex:       It affects your dexterity (+2).
   rC:        It protects you from cold.
   +Blink:    It lets you blink.
   Harm:      It increases damage dealt and taken.
   Will:      It increases your willpower.
Magical Staves
 l - a staff of air
 z - a staff of earth
Jewellery
 g - a ring of willpower
Wands
 q - a wand of flame (10)
Scrolls
 f - a scroll of fear {unknown}
 j - 3 scrolls of teleportation
 n - a scroll of torment {unknown}
 r - a scroll of enchant armour
 t - 2 scrolls of vulnerability
 v - a scroll of magic mapping
 w - a scroll of immolation {unknown}
Potions
 b - a potion of magic
 i - 4 potions of heal wounds
 k - 2 potions of curing {unknown}
 s - a potion of resistance
 u - 3 potions of attraction {unknown}
 x - a potion of invisibility {unknown}


   Skills:
 - Level 2.4 Dodging
 - Level 2.4 Stealth
 + Level 6.6 Spellcasting
 * Level 5.9 Conjurations
 + Level 7.1 Fire Magic


You had 10 spell levels left.
You knew the following spells:

 Your Spells              Type           Power      Damage    Failure   Level
a - Foxfire               Conj/Fire      100%       2x1d9     1%          1
b - Scorch                Fire           76%        2d9       1%          2
c - Kindle Blastsparks    Fire/Tloc/Air  34%        2d12      10%         3
d - Inner Flame           Hex/Fire       23%        N/A       6%          3

Your spell library contained the following spells:

 Spells                   Type           Power      Damage    Failure   Level
 Shock                    Conj/Air       80%        1d8       2%          1
 Flame Wave               Conj/Fire      36%        2d10      6%          4
 Stone Arrow              Conj/Erth      40%        3d9       8%          3
 Sandblast                Erth           14%        2d6       9%          1
 Passwall                 Tmut/Erth      5%         N/A       13%         2
 Summon Cactus Giant      Summ           3%         N/A       100%        6
 Malign Gateway           Summ/Tloc      3%         N/A       100%        7
 Summon Horrible Things   Summ           3%         N/A       100%        8


Dungeon Overview and Level Annotations

Branches:
Dungeon (5/15)
 Temple: D:4-7

Altars:
Kikubaaqudgha
Nemelex Xobeh
Uskayaw
Vehumet
Xom
The Shining One

Shops:
D:5 !


Message History

The foxfire hits the scorpion.
Flame seeps out of the scorpion.
The scorpion is lightly wounded.
The foxfire hits the scorpion.
Flame seeps out of the scorpion.
The scorpion is lightly wounded.
The scorpion is engulfed in blazing flames.
Flame seeps out of the scorpion.
Casting: Foxfire (safe; 1% risk of failure)
Confirm with . or Enter, or press ? or * to list all spells.
You conjure some foxfire!
The foxfire hits the scorpion.
Flame seeps out of the scorpion.
The scorpion is almost dead.
Casting: Foxfire (safe; 1% risk of failure)
Confirm with . or Enter, or press ? or * to list all spells.
You conjure some foxfire!
The scorpion stings you.
You are poisoned.
The scorpion poisons you! The scorpion attacks as you move away!
The scorpion stings you.
You are more poisoned.
The scorpion poisons you!
You feel very sick.
The foxfire hits the scorpion but does no damage.
The scorpion is almost dead.
The foxfire hits the scorpion but does no damage.
The scorpion is almost dead.
The scorpion attacks as you move away! The scorpion stings you.
You feel very sick.
* * * LOW HITPOINT WARNING * * *
You feel very sick.
You hit the scorpion but do no damage.
The scorpion is almost dead.
* * * LOW HITPOINT WARNING * * *
You feel very sick. The scorpion misses you.
Okay, then.
Casting: Foxfire (safe; 1% risk of failure)
Confirm with . or Enter, or press ? or * to list all spells.
You conjure some foxfire!
* * * LOW HITPOINT WARNING * * *
You feel sick. The scorpion stings you.
You die...

..(..##...#......#
##....
.......#........##
###....
#......##.....####......
#...##..#.##.....#......
#.. #..#....#.......÷..
##..##..###..#..........
........#...............
.......s...#............
..#...v@#.##.......##...
......v.####.......##...
.........# #............
##....##.. ##...........
##...##..##............
..............##.......
......†.....∩.###.......
...###........# #.#.....
#......########.....


You could see a scorpion (inner flame, ally target).

Vanquished Creatures
  Sigmund (D:2)
  2 black bears
  A scorpion (D:4)
  2 hounds
  An orc priest (D:3)
  3 iguanas
  Jessica (D:3)
  7 orc wizards
  Robin (D:2)
  7 adders
  A white imp (D:5)
  A worm (D:2)
  2 dart slugs
  14 orcs
  5 endoplasms
  5 giant cockroaches (D:4)
  15 goblins
  11 hobgoblins
  5 jackals
  7 quokkas
  5 ball pythons
  4 bats
  2 frilled lizards
  8 kobolds
  3 rats
114 creatures vanquished.

Vanquished Creatures (collateral kills)
  A foxfire (D:5)
1 creature vanquished.

Vanquished Creatures (others)
  420 foxfires
420 creatures vanquished.

Grand Total: 535 creatures vanquished

Notes
Turn   | Place    | Note
-------+----------+-------------------------------------------
     0 | D:1      | Oxelix the Deep Elf Fire Elementalist began the quest for
                  | the Orb.
     0 | D:1      | Reached XP level 1. HP: 10/10 MP: 6/6
   234 | D:1      | Reached XP level 2. HP: 15/15 MP: 5/8
   832 | D:1      | Found a faded altar of an unknown god.
   960 | D:2      | Reached skill level 4 in Fire Magic
   960 | D:2      | Reached XP level 3. HP: 19/19 MP: 3/10
  1098 | D:2      | Noticed Sigmund
  1125 | D:2      | Learned a level 2 spell: Scorch
  1142 | D:2      | Killed Sigmund
  1143 | D:2      | Reached skill level 5 in Fire Magic
  1143 | D:2      | Reached XP level 4. HP: 24/24 MP: 3/12
  1143 | D:2      | Reached XP level 5. HP: 28/28 MP: 3/13
  1397 | D:2      | Noticed Robin
  1400 | D:2      | Killed Robin
  2032 | D:3      | Reached XP level 6. HP: 32/32 MP: 10/15
  2038 | D:3      | Reached skill level 5 in Spellcasting
  2061 | D:2      | Reached skill level 6 in Fire Magic
  2481 | D:3      | Found an ancient bone altar of Kikubaaqudgha.
  2631 | D:3      | Noticed Jessica
  2637 | D:3      | Killed Jessica
  2993 | D:4      | Found a hide-covered altar of Uskayaw.
  2994 | D:4      | Found a radiant altar of Vehumet.
  3108 | D:4      | Found a sparkling altar of Nemelex Xobeh.
  3109 | D:4      | Found a shimmering altar of Xom.
  3115 | D:4      | Became a worshipper of Vehumet
  3233 | D:4      | Reached XP level 7. HP: 36/36 MP: 13/17
  3377 | D:4      | Identified the +0 cloak "Mial" {Harm +Blink rC+ Will+
                  | Dex+2}
  3799 | D:4      | Identified the +0 scale mail of Mirth {+Blink rPois rF-
                  | Int+2}
  3887 | D:4      | Learned a level 3 spell: Kindle Blastsparks
  4406 | D:4      | Reached skill level 5 in Conjurations
  4520 | D:5      | Entered Level 5 of the Dungeon
  4669 | D:5      | Reached skill level 7 in Fire Magic
  4676 | D:5      | Found Poamarill's Distillery.
  4722 | D:5      | Bought a potion of heal wounds for 55 gold pieces
  4887 | D:5      | Found a glowing golden altar of the Shining One.
  4906 | D:5      | Reached * piety under Vehumet
  4906 | D:5      | Offered knowledge of Shock by Vehumet.
  5082 | D:5      | Learned a level 3 spell: Inner Flame
  5095 | D:5      | Slain by a scorpion

Illustrated notes

Levels and vault maps discovered:
D:1:      lightli_iron_boxes, layout_loops_ring,
          chequers_ecumenical_altar_lobes, hangedman_decor_opposing
D:2:      layout_rooms, minmay_stone_trees_small, uniq_robin, uniq_sigmund
D:3:      layout_rooms, nicolae_kikubaaqudgha_miasma_corner, uniq_jessica
D:4:      layout_loops_corners, chequers_temple_overflow_statue_of_worship,
          gup_sewer_entry_pipe
D:5:      layout_cave_pools, mainiacjoe_overflow_paths, serial_shops, shop_coins

Skill      XL: |  1  2  3  4  5  6  7 |
---------------+----------------------+-----
Fire Magic     | 4 5 6 7 |  7.1
Spellcasting   | 4 5 6 |  6.6
Conjurations   | 3 4 5 |  5.9
Dodging        | |  2.4
Stealth        | |  2.4

Action                   |  1- 3 |  4- 6 |  7- 9 || total
-------------------------+-------+-------+-------++-------
Melee: Unarmed           |    10 |       |       ||    10
       Dagger            |    12 |       |     2 ||    14
Throw: Dart              |       |       |     1 ||     1
 Cast: Foxfire           |    49 |   122 |    97 ||   268
       Scorch            |       |     1 |     2 ||     3
       Kindle Blastspark |       |       |     3 ||     3
       Inner Flame       |       |       |     1 ||     1
 Abil: Evoke Blink       |       |       |     1 ||     1
  Use: Scroll            |       |       |     6 ||     6
 Stab: Sleeping          |       |       |     1 ||     1
Armor: Robe              |    10 |     2 |     2 ||    14
Dodge: Dodged            |    27 |    13 |     5 ||    45

Table legend: (Time is in decaauts)
 A = Elapsed time spent in this place.
 B = Non-inter-level travel time spent in this place.
 C = Inter-level travel time spent in this place.
 D = Time resting spent in this place.
 E = Time spent auto-exploring this place.
 F = Levels seen in this place.
 G = Mean time per level.
                   A        B        C        D        E       F      G
               +--------+--------+--------+--------+--------+-----+--------+
         Total |   5102 |   4914 |    188 |    278 |   3737 |   5 | 1020.4 |
       Dungeon |   5102 |   4914 |    188 |    278 |   3737 |   5 | 1020.4 |
               +--------+--------+--------+--------+--------+-----+--------+

Top non-repeatable levels by time:
     D:4: 1604 daAuts
     D:2: 1151 daAuts
     D:1: 953 daAuts
     D:3: 817 daAuts
     D:5: 574 daAuts
